 Dungeon Crawl Stone Soup version 0.21.1-1-g345015f (webtiles) character file.

1723 nightchill the Cleaver (level 8, -5/74 HPs)
             Began as a Minotaur Fighter on Apr 4, 2018.
             Was a Believer of Ru.
             Slain by an orc warrior
             ... wielding a +0 glaive
              (11 damage)
             ... on level 6 of the Dungeon.
             The game lasted 00:15:31 (5280 turns).

nightchill the Cleaver (Minotaur Fighter)           Turns: 5280, Time: 00:15:31

Health: -5/74      AC:  8    Str: 24    XL:     8   Next: 75%
Magic:  7/7        EV:  8    Int:  5    God:    Ru [**....]
Gold:   298        SH: 10    Dex:  9    Spells: 7/7 levels left

rFire    . . .     SeeInvis .   a - +1 war axe
rCold    . . .     Gourm    .   c - +0 shield
rNeg     . . .     Faith    .   b - +0 scale mail
rPois    .         Spirit   .   (helmet restricted)
rElec    .         Reflect  .   (no cloak)
rCorr    .         Harm     .   (no gloves)
MR       .....                  m - +0 pair of boots
Stlth    ..........             (no amulet)
HPRegen  0.22/turn              (no ring)
MPRegen  0.10/turn              (no ring)

@: lethally poisoned (-5 -> -7)
A: retaliatory headbutt, horns 2, inability to use devices
a: Renounce Religion


You were on level 6 of the Dungeon.
You worshipped Ru.
Ru was pleased with you.
You were hungry.

You visited 1 branch of the dungeon, and saw 6 of its levels.

You collected 298 gold pieces.

Inventory:

Hand Weapons
 a - a +1 war axe (weapon)
Missiles
 i - 185 stones
 l - a throwing net
 x - 8 tomahawks (quivered)
 y - 17 poisoned needles
Armour
 b - a +0 scale mail (worn)
 c - a +0 shield (worn)
 m - a +0 pair of boots (worn)
 A - a +2 buckler
Jewellery
 g - an uncursed ring of wizardry {unknown}
Wands
 C - a wand of enslavement (13)
Scrolls
 e - a scroll of blinking {unknown}
 h - a scroll of teleportation
 j - 2 scrolls of remove curse
 o - a scroll of magic mapping
Potions
 d - 2 potions of might
 n - a potion of brilliance {unknown}
 p - 2 potions of ambrosia
 q - a potion of heal wounds {unknown}
 r - 2 potions of cancellation {unknown}
 s - a potion of flight
 t - a potion of berserk rage
 z - a potion of lignification {unknown}
Books
 u - a book of Minor Magic

   Spells                             Type                      Level
   a - Magic Dart                     Conjuration                  1
   b - Blink                          Translocation                2
   c - Call Imp                       Summoning                    2
   d - Slow                           Hexes                        2
   e - Conjure Flame                  Conjuration/Fire             3
   f - Mephitic Cloud                 Conjuration/Poison/Air       3
 v - a book of Necromancy

   Spells                             Type                      Level
   a - Pain                           Necromancy                   1
   b - Animate Skeleton               Necromancy                   1
   c - Vampiric Draining              Necromancy                   3
   d - Regeneration                   Charms/Necromancy            3
   e - Animate Dead                   Necromancy                   4
   f - Borgnjor's Vile Clutch         Necromancy/Earth             5
 E - a book of Air

   Spells                             Type                      Level
   a - Shock                          Conjuration/Air              1
   b - Swiftness                      Charms/Air                   2
   c - Static Discharge               Conjuration/Air              3
   d - Airstrike                      Air                          4
   e - Lightning Bolt                 Conjuration/Air              5
Comestibles
 f - 10 rations
 k - 3 chunks of flesh


   Skills:
 + Level 7.8 Fighting
 * Level 10.0 Axes
 + Level 5.6 Armour
 + Level 5.6 Shields


You had 7 spell levels left.
You didn't know any spells.

Dungeon Overview and Level Annotations

Branches:
Dungeon (6/15)
 Temple: D:4-7

Altars:
Cheibriados
Fedhas
Qazlal
Ru
Sif Muna
Wu Jian

Shops:
D:5 (


Innate Abilities, Weirdness & Mutations

You reflexively headbutt those who attack you in melee.
You have a pair of horns on your head.
You cannot study or use magical devices.


Message History

You block the orc warrior's attack.
You feel sick.
The orc throws a tomahawk.
The tomahawk hits you.
Things that are here:
2 tomahawks; a war axe The orc warrior hits you with a glaive.
You block the orc's attack.
Items here: ) [ †† a dagger of venom; a robe; a scorpion corpse; a giant cockroach corpse You slash the orc!
You kill the orc!
You hit the orc warrior.
You feel sick.
The orc warrior hits you with a glaive!!
* * * LOW HITPOINT WARNING * * *
You focus your will and slow the orc warrior in retribution!
Things that are here:
a mace; a shiny ring mail; an orc corpse You feel sick.
The orc warrior closely misses you.
You hit the orc warrior but do no damage.
The orc warrior is lightly wounded.
The orc warrior hits you with a glaive!
You die...

*#...###.#,,,,*,⌠,,*,,,,*
#....# #.#,,,,*,,⌠,*,,,,*
#.#### #.#,,,,+,,,,*,,,,*
#.* #.#**********,,,,+ #.*
#.#,,,,+,,,,*,,,,* *,*
#(#,,,,*,,,,*,,,,*
**#+######)#,,,,*,,,,*,,,,*
*,.......o)#>,,,*,,,,*,,,,*
*,........@#********+******
*,..............#,,,,,,,,8*
*,........#####.#,,,,,,,,,*
*,.....(..# *,*,,,,,,,,,*
*,........#****,*8,,,,,,,,+
**###......,,**,***********
#......,,,*,,,,,,,,,,,,
#.....,,,,,,,****,*,,,*
*,,,,,,,,,,******,,,,,,


You could see an orc warrior.

Vanquished Creatures
  2 ice beasts (D:6)
  3 ogres
  A centaur (D:3)
  Blork the orc (D:4)
  3 scorpions
  A howler monkey (D:5)
  A crimson imp (D:6)
  A gnoll shaman (D:5)
  6 orc wizards
  A bullfrog skeleton (D:6)
  2 hounds (D:4)
  A jelly (D:5)
  3 iguanas
  7 worker ants
  Natasha (thrice) (D:4)
  A killer bee zombie (D:5)
  A hound skeleton (D:4)
  A mummy (D:5)
  8 adders
  8 gnolls
  A shadow imp (D:5)
  An ooze (D:1)
  2 worms
  4 dart slugs
  6 leopard geckos
  7 orcs
  9 giant cockroaches
  11 goblins
  7 hobgoblins
  4 jackals (D:1)
  4 quokkas
  2 ball pythons
  3 bats
  7 frilled lizards
  10 kobolds
  A leopard gecko skeleton (D:4)
  8 rats
  A bush (D:2)
143 creatures vanquished.

Notes
Turn   | Place    | Note
-------+----------+-------------------------------------------
     0 | D:1      | nightchill the Minotaur Fighter began the quest for the Orb.
     0 | D:1      | Reached XP level 1. HP: 19/19 MP: 0/0
    81 | D:1      | Reached skill level 3 in Axes
   133 | D:1      | Reached XP level 2. HP: 27/27 MP: 1/1
   404 | D:1      | Reached XP level 3. HP: 33/33 MP: 2/2
   480 | D:1      | Reached skill level 4 in Axes
   927 | D:2      | Reached XP level 4. HP: 41/41 MP: 3/3
  1313 | D:2      | Reached skill level 5 in Axes
  1853 | D:3      | Reached XP level 5. HP: 45/47 MP: 4/4
  1866 | D:3      | Noticed a centaur
  1875 | D:3      | Killed a centaur
  1875 | D:3      | Reached skill level 5 in Fighting
  1875 | D:3      | Reached skill level 6 in Axes
  2339 | D:4      | Reached XP level 6. HP: 43/56 MP: 5/5
  2678 | D:4      | Reached skill level 7 in Axes
  2857 | D:4      | Noticed Blork the orc
  2865 | D:4      | Killed Blork the orc
  2880 | D:4      | Noticed Natasha
  2885 | D:4      | Killed Natasha
  2885 | D:4      | Reached XP level 7. HP: 40/63 MP: 6/6
  2955 | D:4      | Noticed Natasha
  2958 | D:4      | Killed Natasha
  3006 | D:4      | Noticed Natasha
  3013 | D:4      | Killed Natasha
  3019 | D:4      | Found a sacrificial altar of Ru.
  3033 | D:4      | Reached skill level 8 in Axes
  3335 | D:4      | Found a deep blue altar of Sif Muna.
  3567 | D:4      | Became a worshipper of Ru the Awakened
  3590 | D:5      | Entered Level 5 of the Dungeon
  3627 | D:5      | Found Kergh's Weapon Boutique.
  3821 | D:5      | Found a blossoming altar of Fedhas.
  4097 | D:5      | Found a snail-covered altar of Cheibriados.
  4116 | D:5      | Found a stormy altar of Qazlal.
  4800 | D:6      | Reached XP level 8. HP: 73/73 MP: 7/7
  4813 | D:6      | Found an ornate altar of the Wu Jian Council.
  4820 | D:6      | Reached skill level 9 in Axes
  4990 | D:6      | Reached skill level 5 in Armour
  4990 | D:6      | Reached skill level 5 in Shields
  5175 | D:6      | Gained mutation: You cannot study or use magical devices. [Ru sacrifice]
  5175 | D:6      | Reached * piety under Ru
  5175 | D:6      | Reached ** piety under Ru
  5270 | D:6      | Reached skill level 10 in Axes
  5280 | D:6      | Slain by an orc warrior

Skill      XL: |  1  2  3  4  5  6  7  8 |
---------------+-------------------------+-----
Axes           | 3 4 5 6 7 8 10 | 10.0
Fighting       | 4 5 6 7 |  7.8
Armour         | 4 5 |  5.6
Shields        | 4 5 |  5.6

Action                   |  1- 3 |  4- 6 |  7- 9 || total
-------------------------+-------+-------+-------++-------
Melee: War axe           |    88 |   187 |   169 ||   444
       Headbutt          |    15 |    30 |    28 ||    73
Throw: Stone             |     4 |       |       ||     4
Invok: Sacrifice Artific |       |       |     1 ||     1
  Use: Scroll            |       |       |    12 ||    12
  Eat: Chunk             |       |     7 |     7 ||    14
Armor: Scale mail        |    49 |    60 |    54 ||   163
Dodge: Dodged            |    37 |    42 |    42 ||   121
Block: Shield            |    49 |    79 |    74 ||   202
